Map: Ruby Rock LE

Players

TEX - Winner!

  • Race: Terran Terran
  • League: Diamond
  • Spawn Location: 11:00

Feelgood

  • Race: Protoss Protoss
  • League: Master
  • Spawn Location: 5:00

VOD

Have the link to the VOD?

Description

Time

  • Played on: Dec. 15, 2025, 3:43 p.m.
  • Length: 20:11
Show
View Real Time Build Order
Export as new Build Order

TEX Terran - Winner!

Build Orders: Reaper Expand 

Get SALT Encoding   

  12  0:00  SCV  
  13  0:12  SCV  
  14  0:17  Supply Depot  
  14  0:24  SCV  
  15  0:39  SCV  
  15  0:41  Barracks  
  16  0:45  Refinery  
  16  0:51  SCV  
  17  1:03  SCV  
  18  1:15  SCV  
  19  1:28  Reaper  
  19  1:29  Orbital Command  
  20  1:41  Command Center  
  20  1:50  Supply Depot  
  20  1:55  SCV  
  21  2:07  SCV  
  22  2:08  Barracks Reactor  
  22  2:20  SCV  
  23  2:22  Factory  
  23  2:29  Refinery  
  23  2:32  SCV  
  24  2:42  Bunker  
  24  2:44  SCV  
  25  2:45  Marine  
  25  2:46  Marine  
  27  2:54  Orbital Command  
  27  2:56  SCV  
  28  3:03  Marine x2  
  30  3:07  Widow Mine  
  30  3:08  SCV  
  30  3:09  Starport  
  33  3:19  Supply Depot  
  33  3:20  SCV  
  33  3:21  Marine x2, SCV  
  37  3:30  Widow Mine  
  37  3:33  SCV x2  
  41  3:42  Supply Depot  
  41  3:45  SCV x2  
  41  3:47  Medivac  
  45  3:59  Barracks Tech Lab, Hellion x2  
  45  4:00  SCV x2  
  51  4:04  Supply Depot  
  51  4:08  Engineering Bay  
  51  4:10  Engineering Bay  
  51  4:12  SCV x2  
  53  4:20  Hellion x2, Stimpack  
  57  4:24  SCV  
  58  4:32  Starport Reactor  
  58  4:33  SCV  
  58  4:36  SCV  
  60  4:40  Supply Depot  
  60  4:42  Missile Turret, Hellion x2  
  60  4:43  Missile Turret  
  60  4:45  SCV  
  65  4:46  Marauder  
  65  4:51  SCV  
  68  4:57  SCV  
  69  5:13  Marine  
  70  5:19  Barracks  
  70  5:20  Barracks x2  
  68  5:31  Marine  
  69  5:50  Marauder  
  69  5:52  Liberator x2  
  69  5:55  Command Center, SCV x2  
  69  5:56  Terran Infantry Weapons Level 1  
  75  5:57  Terran Infantry Armor Level 1  
  73  6:06  Refinery, Supply Depot  
  73  6:07  Refinery, SCV x2  
  73  6:10  Marine  
  72  6:11  Combat Shield  
  72  6:13  Marine x3  
  75  6:27  SCV x2  
  75  6:29  Marauder  
  75  6:30  Marine  
  75  6:31  Marine x2  
  82  6:37  Medivac  
  84  6:49  Barracks Tech Lab  
  84  6:50  Marine, Barracks Reactor  
  84  6:51  Barracks Tech Lab  
  85  7:02  Armory  
  85  7:04  SCV  
  85  7:07  Supply Depot, SCV  
  85  7:08  Marauder  
  89  7:12  Supply Depot, Command Center  
  89  7:13  Supply Depot  
  89  7:14  Supply Depot  
  89  7:15  Supply Depot  
  89  7:16  Supply Depot  
  89  7:29  Marine  
  90  7:31  Marine x2, Marauder x2  
  96  7:38  Medivac x2  
  96  7:40  SCV  
  101  7:47  Marauder  
  101  7:48  Marine x2  
  102  7:52  Marauder  
  102  7:53  Marauder  
  106  8:04  Concussive Shells  
  103  8:06  Marine x2, Orbital Command  
  103  8:08  Marine, SCV x2  
  108  8:13  Medivac, Marine  
  108  8:14  Medivac, Marauder  
  115  8:20  SCV x2  
  115  8:24  Marine  
  115  8:26  Marauder  
  120  8:32  SCV  
  120  8:34  Terran Infantry Armor Level 2  
  121  8:40  SCV x2  
  123  8:43  Medivac  
  123  8:44  Medivac, SCV  
  123  8:45  Refinery  
  128  8:48  Refinery  
  128  8:50  Marine x2, Marauder x2  
  128  8:51  Marauder  
  128  8:52  SCV  
  137  9:08  Marine x2  
  139  9:11  Marine  
  139  9:12  Marauder x2  
  139  9:13  Medivac  
  144  9:28  Marine x2  
  144  9:30  Marauder  
  148  9:33  Marauder  
  148  9:34  SCV x3  
  148  9:35  Barracks x4  
  148  9:36  Barracks  
  154  9:40  Barracks, Orbital Command  
  154  9:45  Marauder  
  155  9:46  Marine x2, SCV x3  
  155  9:47  Medivac x2  
  164  9:57  Supply Depot  
  164  9:59  Supply Depot  
  164  10:00  Supply Depot  
  164  10:02  Supply Depot  
  164  10:18  SCV x2  
  164  10:19  Marauder  
  166  10:29  Marine x3, Marauder x2  
  172  10:40  Marauder  
  160  10:48  Viking x2  
  154  11:09  Barracks Tech Lab x2  
  154  11:12  Barracks Reactor, Barracks Tech Lab  
  154  11:13  Barracks Tech Lab  
  154  11:15  Barracks Tech Lab  
  154  11:18  Ghost Academy, Viking x2  
  154  11:23  Starport  
  158  11:30  Marine x4  
  158  11:31  Marauder x4  
  158  11:32  Marauder  
  172  11:42  SCV x4  
  172  11:45  Marauder  
  178  11:48  Marine x2, Viking x2  
  178  11:49  Marauder x2  
  178  11:51  Marine  
  178  11:52  Marine, Marauder x2  
  178  11:53  Marine  
  196  11:54  SCV  
  196  12:06  Marine, SCV  
  196  12:19  Fusion Core, Marauder  
  196  12:24  Starport Reactor  
  196  12:31  Supply Depot  
  196  12:50  Terran Infantry Weapons Level 2  
  196  12:52  Terran Infantry Armor Level 3  
  196  12:53  Marauder, SCV x2  
  200  13:02  Marine x2  
  200  13:03  Marine  
  200  13:05  Marauder  
  200  13:06  Viking x2  
  195  13:19  Marine x2  
  194  13:20  Marauder x2  
  194  13:36  Viking x2  
  194  14:04  Command Center x2  
  194  14:06  Personal Cloaking  
  194  14:07  Command Center  
  194  14:10  Unknown  
  194  15:25  Terran Infantry Weapons Level 3  
  194  15:52  Nuke  
  194  16:44  Nuke  
  194  17:17  Ghost Academy x3  
  194  17:37  Nuke  
  194  17:50  Nuke x3  
  194  18:27  Nuke  
  194  18:47  Nuke  
  194  19:08  Nuke  
  194  19:27  Nuke  
Show
View Real Time Build Order
Export as new Build Order

Feelgood Protoss 

Build Orders: 1 Gate Expand, Blink Stalkers 

Get SALT Encoding   

  12  0:00  Probe  
  13  0:12  Probe  
  14  0:17  Pylon  
  14  0:24  Probe  
  15  0:35  Gateway  
  15  0:36  Probe  
  15  0:42  Assimilator  
  16  0:44  Probe  
  17  1:05  Probe  
  18  1:17  Nexus  
  18  1:20  Probe  
  19  1:32  Cybernetics Core  
  19  1:34  Probe  
  20  1:41  Pylon  
  20  1:46  Probe  
  21  1:51  Assimilator  
  21  1:58  Probe  
  22  2:02  Warp Gate  
  22  2:05  Stalker  
  23  2:10  Probe  
  24  2:21  Probe  
  25  2:26  Probe  
  25  2:29  Probe  
  25  2:32  Stalker  
  25  2:34  Probe  
  29  2:37  Probe  
  31  2:45  Probe  
  31  2:49  Probe  
  33  2:54  Twilight Council  
  33  2:57  Probe  
  34  2:59  Stalker  
  34  3:01  Probe  
  37  3:09  Probe  
  37  3:10  Pylon  
  38  3:13  Probe  
  39  3:20  Blink  
  39  3:22  Probe  
  39  3:26  Stalker  
  40  3:32  Nexus  
  42  3:41  Probe x2  
  44  3:53  Probe x2  
  46  4:05  Probe  
  46  4:06  Pylon  
  48  4:10  Probe  
  48  4:13  Robotics Facility  
  48  4:15  Assimilator  
  48  4:18  Probe  
  48  4:20  Stalker  
  51  4:27  Gateway  
  51  4:28  Probe  
  51  4:30  Gateway  
  52  4:35  Gateway  
  52  4:37  Shield Battery  
  52  4:41  Probe, Pylon  
  53  4:47  Probe x2  
  53  4:49  Probe  
  55  4:55  Stalker  
  55  4:59  Probe x3  
  60  5:01  Observer  
  62  5:08  Pylon  
  62  5:11  Probe x3  
  53  5:23  Probe  
  53  5:26  Probe x2  
  54  5:35  Probe  
  52  5:37  Stalker x3  
  52  5:38  Probe x2  
  58  5:47  Probe  
  59  5:50  Probe x2  
  61  5:59  Probe  
  61  6:02  Probe x2  
  64  6:08  Probe  
  64  6:10  Probe x2  
  64  6:16  Probe  
  64  6:18  Probe x2  
  70  6:26  Probe  
  70  6:28  Probe, Assimilator  
  70  6:29  Probe  
  70  6:31  Forge  
  73  6:33  Robotics Bay  
  73  6:37  Protoss Ground Weapons Level 1, Assimilator  
  73  6:39  Pylon  
  73  6:45  Nexus  
  73  6:52  Observer  
  74  6:56  Stalker x3  
  74  7:00  Probe x3  
  83  7:12  Probe x3  
  86  7:18  Extended Thermal Lance  
  76  7:37  Probe x2  
  76  7:38  Probe  
  76  7:42  Colossus  
  79  7:47  Probe x2  
  79  7:50  Probe, Charge  
  78  7:55  Probe x2  
  78  8:02  Probe  
  78  8:03  Probe  
  78  8:04  Probe x2  
  80  8:11  Probe  
  83  8:18  Pylon  
  84  8:20  Probe, Gateway  
  84  8:21  Gateway  
  84  8:22  Gateway  
  84  8:25  Protoss Ground Armor Level 1  
  84  8:27  Colossus  
  85  8:28  Gateway  
  85  8:35  Zealot x4  
  99  8:43  Probe x3  
  102  8:49  Pylon  
  102  8:51  Photon Cannon  
  102  8:57  Probe  
  102  8:58  Photon Cannon, Assimilator  
  102  8:59  Probe x2  
  102  9:00  Probe  
  102  9:01  Assimilator  
  102  9:11  Probe, Stalker x4  
  102  9:12  Probe  
  102  9:16  Zealot x2  
  112  9:20  Pylon  
  112  9:23  Colossus  
  111  9:24  Probe  
  111  9:26  Probe  
  111  9:28  Probe x2  
  111  9:31  Zealot x2  
  117  9:32  Probe  
  126  9:38  Probe  
  126  9:40  Probe x2  
  126  9:44  Probe, Pylon  
  129  9:46  Pylon  
  129  9:50  Pylon  
  129  9:51  Probe  
  129  9:52  Probe x2  
  133  9:55  Zealot x3  
  133  9:59  Pylon  
  139  10:02  Photon Cannon  
  139  10:04  Pylon  
  139  10:06  Zealot x3  
  145  10:07  Zealot x2  
  146  10:17  Zealot x3  
  134  10:39  Zealot x8  
  134  10:48  Protoss Ground Weapons Level 2  
  124  10:53  Probe x2  
  124  10:54  Probe  
  127  10:57  Templar Archives  
  127  10:58  Gateway  
  127  10:59  Gateway  
  127  11:01  Sentry  
  127  11:02  Sentry, Probe  
  131  11:05  Probe  
  131  11:06  Probe  
  134  11:14  Probe  
  133  11:28  Colossus  
  131  11:40  Robotics Facility  
  131  11:47  Nexus, Gateway  
  131  11:51  Gateway  
  131  11:52  Psionic Storm  
  129  12:00  Zealot x6  
  133  12:04  Probe  
  133  12:07  Probe x3  
  135  12:12  Probe  
  135  12:19  Probe  
  135  12:23  Probe  
  135  12:24  Probe x2  
  138  12:34  Observer  
  138  12:36  Colossus  
  143  12:51  Observer  
  143  12:53  Gateway  
  143  12:56  High Templar x2  
  143  12:57  Zealot x6  
  142  13:06  Zealot  
  142  13:07  Zealot  
Tags
 
Add a new tag
Caveats
  • Supply blocks, unpowered buildings, or Contaminate may cause inaccurate times.
  • Supply counts are checked every 10 seconds.